Map: [ESL] Hecate

Players

trigger - Winner!

  • Race: Protoss Protoss
  • Spawn Location: 7:00

Spirit

  • Race: Terran Terran
  • Spawn Location: 1:00

Event: IEM Katowice 2024

VOD

Have the link to the VOD?

Description

Time

  • Played on: Feb. 9, 2024, 8:22 a.m.
  • Length: 15:45

All games in this series

Show
View Real Time Build Order
Export as new Build Order

trigger Protoss - Winner!

Build Orders: 1 Gate Expand, Blink Stalkers 

Get SALT Encoding   

  12  0:00  Probe  
  13  0:12  Probe  
  14  0:18  Pylon  
  14  0:24  Probe (Chrono Boost)  
  15  0:36  Gateway  
  15  0:38  Probe (Chrono Boost)  
  16  0:43  Probe (Chrono Boost)  
  16  0:46  Assimilator  
  17  0:52  Probe  
  18  1:04  Probe  
  19  1:19  Probe  
  20  1:25  Cybernetics Core  
  20  1:35  Nexus  
  20  1:45  Pylon  
  20  1:48  Assimilator  
  20  1:51  Probe  
  21  1:59  Adept (Chrono Boost)  
  21  2:03  Probe, Warp Gate  
  24  2:15  Probe  
  24  2:18  Adept (Chrono Boost)  
  27  2:26  Twilight Council  
  27  2:28  Probe  
  28  2:40  Probe  
  28  2:41  Stalker  
  31  2:47  Probe  
  32  2:52  Probe  
  32  2:54  Blink (Chrono Boost)  
  33  2:59  Probe  
  33  3:04  Probe  
  35  3:11  Gateway, Probe  
  36  3:16  Probe  
  37  3:20  Robotics Facility  
  37  3:25  Probe  
  38  3:31  Probe  
  39  3:35  Gateway  
  39  3:37  Probe  
  40  3:43  Probe  
  40  3:45  Gateway  
  39  3:49  Probe  
  39  3:53  Stalker  
  41  3:55  Probe  
  41  3:57  Pylon  
  41  4:01  Probe  
  42  4:05  Stalker  
  44  4:11  Warp Prism (Chrono Boost)  
  44  4:15  Probe  
  47  4:26  Assimilator  
  47  4:29  Stalker x2  
  51  4:32  Probe  
  51  4:34  Pylon  
  51  4:35  Stalker  
  54  4:47  Pylon  
  54  4:52  Observer  
  55  4:54  Probe  
  55  4:58  Stalker x3  
  62  5:19  Pylon, Stalker  
  62  5:21  Stalker  
  64  5:22  Probe x2  
  64  5:23  Stalker x2  
  68  5:34  Probe  
  61  5:37  Probe  
  57  5:43  Nexus  
  58  5:54  Stalker x4  
  64  5:59  Pylon, Probe  
  64  6:02  Probe  
  66  6:06  Observer  
  67  6:25  Stalker x3  
  67  6:26  Stalker  
  70  6:32  Probe  
  70  6:33  Probe  
  70  6:37  Forge  
  69  6:41  Gateway, Charge  
  69  6:45  Gateway, Probe x2 (Chrono Boost)  
  69  6:57  Probe x2 (Chrono Boost)  
  69  6:59  Gateway, Probe (Chrono Boost)  
  69  7:00  Gateway  
  72  7:05  Probe x2 (Chrono Boost)  
  72  7:06  Protoss Ground Weapons Level 1 (Chrono Boost), Probe (Chrono Boost)  
  73  7:11  Probe x3 (Chrono Boost)  
  73  7:13  Pylon  
  76  7:23  Probe x2  
  76  7:26  Probe  
  79  7:34  Assimilator, Robotics Bay  
  79  7:35  Probe x2  
  79  7:36  Zealot x4  
  89  7:37  Pylon  
  89  7:43  Probe  
  90  7:47  Probe, Pylon x2  
  91  8:02  Pylon  
  91  8:07  Zealot x8  
  91  8:09  Pylon  
  107  8:19  Colossus (Chrono Boost)  
  107  8:23  Extended Thermal Lance  
  113  8:28  Nexus  
  113  8:31  Sentry x2, Stalker  
  119  8:40  Probe x2  
  119  8:41  Pylon  
  119  8:53  Probe  
  119  8:54  Pylon  
  120  8:58  Zealot x4, Colossus (Chrono Boost)  
  120  8:59  Zealot x2  
  136  9:06  Probe x2  
  136  9:07  Probe  
  136  9:08  Protoss Ground Weapons Level 2 (Chrono Boost)  
  130  9:10  Observer  
  127  9:18  Probe x2  
  127  9:19  Probe  
  130  9:29  Shield Battery  
  130  9:30  Probe  
  130  9:31  Probe x2 (Chrono Boost)  
  133  9:42  Robotics Facility, Colossus (Chrono Boost)  
  133  9:45  Probe (Chrono Boost)  
  141  9:48  Probe x2 (Chrono Boost)  
  141  9:49  Probe (Chrono Boost)  
  141  9:53  Probe (Chrono Boost)  
  141  9:56  Gateway, Probe (Chrono Boost)  
  141  9:57  Probe (Chrono Boost)  
  144  10:00  Assimilator  
  144  10:03  Probe  
  144  10:04  Assimilator  
  145  10:08  Probe x2  
  145  10:09  Observer  
  145  10:13  Zealot x8  
  163  10:18  Shield Battery  
  163  10:21  Shield Battery  
  163  10:22  Disruptor  
  163  10:32  Disruptor  
  167  10:35  Zealot x6  
  167  10:38  Photon Cannon  
  167  10:39  Zealot  
  163  10:55  Zealot x4  
  163  10:56  Zealot x3  
  175  11:03  Disruptor (Chrono Boost)  
  165  11:07  Zealot  
  165  11:10  Dark Shrine, Probe x2  
  157  11:21  Disruptor (Chrono Boost)  
  157  11:23  Zealot x8  
  173  11:30  Forge  
  171  11:34  Protoss Ground Armor Level 1 (Chrono Boost)  
  171  11:36  Disruptor (Chrono Boost)  
  171  11:39  Zealot  
  173  11:46  Zealot x6  
  179  11:50  Disruptor  
  175  12:01  Zealot  
  171  12:04  Protoss Ground Weapons Level 3 (Chrono Boost)  
  167  12:09  Zealot x2  
  167  12:11  Pylon  
  167  12:12  Pylon  
  167  12:15  Pylon  
  171  12:17  Gateway  
  171  12:19  Pylon  
  171  12:22  Nexus  
  167  12:25  Disruptor  
  167  12:28  Dark Templar x3  
  167  12:36  Zealot x3  
  167  12:37  Zealot  
  171  12:44  Disruptor  
  173  12:55  Gateway  
  173  12:57  Zealot x4  
  181  13:04  Zealot x2  
  181  13:05  Zealot  
  169  13:21  Zealot x2  
  169  13:22  Zealot x2  
  169  13:26  Stalker x3  
  160  13:34  Dark Templar  
  160  13:39  Disruptor  
  165  13:42  Shadow Stride  
  165  13:44  Probe  
  165  13:45  Probe  
  165  13:47  Zealot x4  
  175  13:50  Zealot  
  175  13:51  Zealot x3  
  159  14:10  Stalker x2  
  159  14:11  Zealot, Stalker  
  163  14:22  Disruptor  
  161  14:26  Zealot x5  
  167  14:36  Nexus  
  163  14:43  Zealot x4  
  171  14:47  Zealot x4  
  171  14:48  Zealot  
  173  15:01  Disruptor (Chrono Boost)  
  173  15:05  Zealot x4  
  185  15:13  Zealot x2  
  181  15:27  Zealot x4  
  187  15:36  Pylon  
  187  15:39  Pylon  
  187  15:40  Pylon  
Show
View Real Time Build Order
Export as new Build Order

Spirit Terran 

Build Orders: Reaper Expand, Banshee Rush 

Get SALT Encoding   

  12  0:00  SCV  
  13  0:12  SCV  
  14  0:17  Supply Depot  
  14  0:24  SCV  
  15  0:39  SCV  
  15  0:41  Barracks  
  16  0:45  Refinery  
  16  0:51  SCV  
  17  1:03  SCV  
  18  1:12  Engineering Bay  
  18  1:15  SCV  
  19  1:29  Orbital Command  
  19  1:33  Reaper  
  20  1:48  Command Center  
  20  1:55  SCV  
  20  1:59  Supply Depot  
  21  2:05  Marine  
  21  2:07  SCV  
  23  2:15  Factory  
  23  2:21  SCV  
  24  2:23  Marine  
  24  2:27  Bunker  
  25  2:34  SCV, Refinery  
  26  2:42  Barracks Reactor  
  26  2:46  SCV  
  26  2:58  SCV  
  26  3:00  Hellion, Starport  
  26  3:03  Orbital Command  
  29  3:10  SCV  
  30  3:18  Marine x2  
  32  3:22  Factory Tech Lab, SCV  
  33  3:30  SCV  
  34  3:35  SCV  
  34  3:36  Marine x2  
  37  3:42  SCV  
  37  3:47  SCV  
  37  3:49  Cloaking Field  
  37  3:50  Banshee  
  37  3:53  Factory Tech Lab  
  37  3:55  SCV  
  40  3:57  Supply Depot  
  40  3:59  SCV  
  40  4:00  Marine  
  40  4:01  Marine  
  43  4:07  SCV  
  44  4:11  SCV  
  44  4:18  Marine  
  44  4:19  Siege Tank, SCV  
  44  4:23  SCV  
  48  4:25  Barracks, Supply Depot  
  48  4:31  SCV  
  49  4:33  Banshee  
  49  4:34  Marine, Supply Depot, Refinery  
  49  4:35  SCV  
  54  4:41  Barracks  
  54  4:46  SCV, Marine, Engineering Bay  
  54  4:47  SCV  
  54  4:52  Marine, Supply Depot  
  57  4:54  Siege Tank  
  57  4:58  SCV  
  62  5:01  Bunker  
  62  5:03  SCV  
  62  5:04  Marine  
  64  5:10  SCV, Marine  
  65  5:16  Banshee  
  65  5:18  SCV  
  65  5:21  Barracks Tech Lab  
  68  5:24  Marine  
  68  5:25  SCV  
  68  5:28  Marine  
  71  5:30  SCV  
  70  5:37  SCV  
  70  5:42  Stimpack, SCV, Marine  
  69  5:44  Barracks Tech Lab  
  69  5:47  Siege Tank  
  69  5:48  Marine  
  71  5:53  Marauder  
  71  5:54  Refinery  
  72  5:57  Missile Turret  
  72  6:00  Marine  
  72  6:02  Combat Shield  
  72  6:04  Marauder  
  75  6:06  Marine  
  75  6:14  Supply Depot, Marauder  
  75  6:15  Supply Depot  
  75  6:18  Marine  
  77  6:22  SCV  
  77  6:24  Marine  
  77  6:25  Marauder  
  75  6:32  Siege Tank  
  73  6:35  Marauder  
  73  6:36  Marine  
  76  6:42  Marine, SCV  
  76  6:44  SCV  
  76  6:46  Marauder  
  81  6:51  Medivac  
  81  6:53  Marine  
  81  6:54  SCV  
  84  6:57  Marauder  
  86  7:01  Marine  
  86  7:03  Terran Infantry Weapons Level 1, Supply Depot  
  86  7:04  Supply Depot  
  86  7:08  Marauder  
  86  7:14  Command Center  
  86  7:21  Concussive Shells  
  86  7:24  Marine  
  86  7:27  Supply Depot, Marauder, Marine  
  86  7:29  Medivac  
  92  7:30  Supply Depot  
  92  7:31  SCV x2  
  92  7:32  Supply Depot  
  92  7:33  Marine  
  95  7:38  Factory Reactor  
  95  7:45  SCV  
  95  7:46  Barracks, SCV  
  95  7:49  Barracks  
  94  7:53  Marine  
  94  7:54  Marauder  
  94  7:57  SCV  
  98  7:58  SCV  
  98  8:07  Marine  
  98  8:08  Marauder  
  98  8:09  SCV  
  98  8:11  SCV  
  103  8:14  Marine  
  103  8:15  Supply Depot, Marauder  
  103  8:16  Supply Depot  
  106  8:21  SCV  
  106  8:23  SCV  
  106  8:24  Siege Tank  
  106  8:26  Medivac  
  115  8:27  Viking  
  115  8:29  Marauder, Marine  
  115  8:33  SCV  
  119  8:35  SCV  
  119  8:37  Barracks Reactor  
  119  8:41  Marine  
  119  8:42  Marine, Ghost Academy  
  119  8:45  SCV  
  119  8:47  SCV  
  123  8:53  Marine  
  124  8:55  Marine  
  124  8:56  Medivac  
  124  8:57  Terran Infantry Armor Level 1, Medivac, SCV  
  124  8:59  Marauder, Marine, SCV  
  126  9:11  SCV  
  131  9:17  Orbital Command  
  134  9:26  Medivac  
  134  9:27  SCV x2  
  134  9:29  Ghost x2, Marine  
  134  9:30  Marine x2  
  136  9:35  Bunker  
  133  9:38  Supply Depot  
  133  9:39  SCV, Supply Depot  
  133  9:41  Supply Depot  
  133  9:43  Refinery  
  133  9:45  Marine, Refinery  
  134  9:46  Marauder  
  134  9:47  Marine  
  134  9:52  Marine  
  139  9:55  Medivac  
  139  9:56  Medivac  
  139  9:58  Ghost, Marauder  
  139  9:59  Marine  
  148  10:03  Marine  
  148  10:05  Marine  
  150  10:07  Marauder, Supply Depot  
  150  10:10  Supply Depot, Marine  
  153  10:16  Siege Tank, Marine  
  153  10:19  Marauder  
  153  10:20  Supply Depot  
  153  10:21  Marine  
  159  10:23  Marine  
  159  10:27  Marauder  
  159  10:28  Marine  
  163  10:29  Marauder  
  163  10:31  Command Center  
  163  10:35  Armory  
  158  10:43  SCV  
  158  10:44  SCV x2  
  158  10:45  Marauder, Marine  
  158  10:47  Marine  
  158  10:49  Marauder  
  166  10:51  Marauder  
  166  10:55  Marine, SCV  
  166  10:57  Marine  
  169  11:02  Command Center, Marine  
  164  11:04  Viking  
  164  11:07  Marauder  
  164  11:09  Viking  
  164  11:10  Marauder  
  172  11:11  Marine  
  172  11:12  Marauder  
  169  11:20  Marine  
  169  11:21  Marine  
  169  11:23  Marine  
  172  11:28  Marauder  
  172  11:29  Marine  
  172  11:32  Marauder  
  177  11:33  Marauder  
  177  11:38  Marine  
  177  11:39  Marine  
  169  11:40  Marine  
  165  11:47  Liberator, Marine  
  165  11:49  Marauder  
  165  11:52  Marine  
  162  11:54  Marine  
  162  11:55  Marine  
  159  12:01  Marine  
  159  12:03  Marine  
  159  12:06  Viking  
  159  12:08  SCV  
  158  12:11  Marauder x2  
  158  12:13  Marauder  
  159  12:17  Marine, SCV  
  159  12:20  SCV  
  156  12:24  Marine  
  156  12:28  Marine  
  152  12:30  Viking, Marine  
  152  12:31  Ghost x2  
  152  12:33  Ghost  
  160  12:37  Marine  
  160  12:41  Marine  
  162  12:46  Marine  
  162  12:48  Marine  
  152  12:55  Marine  
  152  12:57  Missile Turret  
  146  12:59  Marine  
  146  13:00  Ghost  
  146  13:01  Marauder  
  146  13:02  Marauder  
  146  13:04  Marine  
  149  13:06  Marine  
  148  13:13  Marine  
  148  13:17  Marine  
  146  13:22  Marauder  
  146  13:24  Marauder  
  146  13:26  Marine  
  125  13:27  Marine  
  125  13:29  Marauder  
  125  13:31  Marine  
  124  13:35  Marine  
  125  13:43  Marauder  
  125  13:44  Marine  
  125  13:45  Marauder, Marine  
  131  13:48  Marine  
  131  13:51  Siege Tank, Marauder  
  131  13:53  Marine  
  138  14:02  Marine  
  135  14:03  Marine  
  135  14:05  Marauder  
  135  14:06  Marine  
  135  14:07  Marauder  
  125  14:11  Marine  
  125  14:14  Marauder  
  121  14:19  Marine, Medivac  
  122  14:28  Medivac  
  123  14:33  Marine  
  123  14:35  Marine  
  123  14:41  Marine  
  111  14:47  Marauder  
  111  14:57  Marauder  
  99  15:00  Marine  
  99  15:05  Marine  
  98  15:09  Marine  
  79  15:26  Marine  

Tags
 
Add a new tag
Caveats
  • Supply blocks, unpowered buildings, or Contaminate may cause inaccurate times.
  • Supply counts are checked every 10 seconds.